 Dungeon Crawl Stone Soup version 0.21.1-1-g345015f (webtiles) character file.

908 tidbits the Firebug (level 8, -9/57 HPs)
             Began as a Gnoll Fire Elementalist on Feb 7, 2018.
             Was an Initiate of Cheibriados.
             Mangled by a six-headed hydra (14 damage)
             ... on level 6 of the Dungeon.
             The game lasted 00:19:55 (1780 turns).

tidbits the Firebug (Gnoll Fire Elementalist)       Turns: 1780, Time: 00:19:55

Health: -9/57      AC:  4    Str: 11    XL:     8   Next: 8%
Magic:  9/16       EV: 15    Int: 20    God:    Cheibriados [......]
Gold:   248        SH:  5    Dex: 18    Spells: 5/18 levels left

rFire    . . .     SeeInvis .   a - +0 dagger (venom)
rCold    . . .     Gourm    .   D - +0 buckler
rNeg     + . .     Faith    .   B - +0 robe
rPois    .         Spirit   .   (no helmet)
rElec    .         Reflect  .   (no cloak)
rCorr    .         Harm     .   G - +0 pair of gloves
MR       .....                  F - +0 pair of boots
Stlth    +++.......             R - amulet of regeneration
HPRegen  0.59/turn              n - ring of positive energy
MPRegen  0.15/turn              (no ring)

@: very slightly contaminated, very slow
A: distributed training, fangs 1, strong nose
a: Bend Time, Renounce Religion


You were on level 6 of the Dungeon.
You worshipped Cheibriados.
Cheibriados was noncommittal.
You were very hungry.

You visited 2 branches of the dungeon, and saw 8 of its levels.

You collected 248 gold pieces.

Inventory:

Hand Weapons
 a - a +0 dagger of venom (weapon)
   (You took it off a goblin on level 3 of the Dungeon)
 b - a +0 rapier
 g - a +0 club
 k - a +0 dagger
 s - a +0 hunting sling
 z - a +1 dagger of venom
   (You found it on level 5 of the Dungeon)
 H - a +0 shortbow
Missiles
 i - 28 arrows
 j - 87 stones (quivered)
Armour
 o - a +0 shield
 B - a +0 robe (worn)
 D - a +0 buckler (worn)
 F - a +0 pair of boots (worn)
 G - a +0 pair of gloves (worn)
Jewellery
 l - a +2 amulet of reflection
   (You found it on level 1 of the Dungeon)
 n - a ring of positive energy (left hand)
   (You found it on level 2 of the Dungeon)
 R - an amulet of regeneration (around neck)
   (You found it on level 2 of the Dungeon)
Wands
 d - a wand of digging (15)
 E - a wand of enslavement (9)
Scrolls
 f - 5 scrolls of remove curse
 m - 3 scrolls of enchant weapon {unknown}
 q - 3 scrolls of amnesia
 r - a scroll of fog
 u - a scroll of immolation
 y - 7 scrolls of teleportation
 A - a scroll of enchant armour
 J - a scroll of random uselessness {unknown}
 K - a scroll of torment {unknown}
 L - a scroll of holy word {unknown}
Potions
 e - a potion of magic {unknown}
 h - 2 potions of curing
 t - a potion of ambrosia
 w - a potion of brilliance
 x - a potion of might
 I - a potion of mutation {unknown}
Books
 p - a book of Flames

   Spells                             Type                      Level
   a - Flame Tongue                   Conjuration/Fire             1
   b - Throw Flame                    Conjuration/Fire             2
   c - Conjure Flame                  Conjuration/Fire             3
   d - Inner Flame                    Hexes/Fire                   3
   e - Sticky Flame                   Conjuration/Fire             4
   f - Fireball                       Conjuration/Fire             5
 C - a book of Maledictions
   (You found it on level 5 of the Dungeon)

   Spells                             Type                      Level
   a - Corona                         Hexes                        1
   b - Ensorcelled Hibernation        Hexes/Ice                    2
   c - Confuse                        Hexes                        3
   d - Tukima's Dance                 Hexes                        3
   e - Dazzling Spray                 Conjuration/Hexes            3
Comestibles
 c - 8 rations


   Skills:
 + Level 2.8 Fighting
 + Level 2.8 Short Blades
 + Level 2.8 Long Blades
 + Level 2.8 Axes
 + Level 2.8 Maces & Flails
 + Level 2.8 Polearms
 + Level 2.8 Staves
 + Level 2.8 Slings
 + Level 2.8 Bows
 + Level 2.8 Crossbows
 + Level 2.8 Throwing
 + Level 2.8 Armour
 + Level 5.4 Dodging
 + Level 5.1 Stealth
 + Level 2.8 Shields
 + Level 2.8 Unarmed Combat
 + Level 5.8 Spellcasting
 + Level 3.2 Conjurations
 + Level 2.3 Hexes
 + Level 2.3 Charms
 + Level 2.3 Summonings
 + Level 2.3 Necromancy
 + Level 2.3 Translocations
 + Level 2.3 Transmutations
 + Level 6.0 Fire Magic
 + Level 2.3 Ice Magic
 + Level 2.3 Air Magic
 + Level 2.3 Earth Magic
 + Level 2.3 Poison Magic
 + Level 3.1 Invocations
 + Level 2.8 Evocations


You had 5 spell levels left.
You knew the following spells:

 Your Spells              Type           Power        Failure   Level  Hunger
a - Flame Tongue          Conj/Fire      ###..        1%          1    None
c - Conjure Flame         Conj/Fire      ###.....     5%          3    ##.....
j - Throw Flame           Conj/Fire      ###...       2%          2    None
o - Confuse               Hex            ###.....     14%         3    ##.....
t - Sticky Flame          Conj/Fire      ###.....     19%         4    ####...


Dungeon Overview and Level Annotations

Branches:
Dungeon (7/15)             Temple (1/1) D:6

Altars:
Ashenzari
Cheibriados
Elyvilon
Fedhas
Makhleb
Qazlal
Sif Muna
Trog
Xom
Lugonu

Annotations:
D:6 1 transporter


Innate Abilities, Weirdness & Mutations

Your experience applies equally to all skills.
You have very sharp teeth.
Your uncanny sense of smell can sniff out nearby items.


Message History

Okay, then.
Unknown command.
It was a potion of curing.
You feel better. The bullfrog hits you.
Okay, then.
Evoke which item? (* to show all) (? for menu, Esc to quit)
Aiming: Enslavement
Press: ? - help, Shift-Dir - straight line, f - bullfrog
Aim: a bullfrog (chance to defeat MR: 54%)
The bullfrog resists with significant effort.
The bullfrog closely misses you. The bullfrog hits you.
The phantom completely misses you.
Evoke which item? (* to show all) (? for menu, Esc to quit)
Aiming: Enslavement
Press: ? - help, Shift-Dir - straight line, f - six-headed hydra, p - bullfrog
Aim: a six-headed hydra (chance to defeat MR: 21%)
The six-headed hydra resists with almost no effort.
The bullfrog hits you. You block the phantom's attack.
Blink to where?
Press: ? - help, Dir - move target cursor, p - six-headed hydra You are very lightly contaminated with residual magic.
As you read the scroll of blinking, it crumbles to dust.
The phantom blinks!
Found 8 gold pieces.
Unknown command.
Evoke which item? (* to show all) (? for menu, Esc to quit)
Aiming: Enslavement
Press: ? - help, Shift-Dir - straight line, f - six-headed hydra
Aim: a six-headed hydra (chance to defeat MR: 21%)
The six-headed hydra resists with almost no effort.
Evoke which item? (* to show all) (? for menu, Esc to quit)
Aiming: Enslavement
Press: ? - help, Shift-Dir - straight line, f - bullfrog, p - six-headed hydra
Aim: a bullfrog (chance to defeat MR: 54%)
The bullfrog is charmed.
Your bullfrog hits the six-headed hydra.
Evoke which item? (* to show all) (? for menu, Esc to quit)
Aiming: Enslavement
Press: ? - help, Shift-Dir - straight line, f - six-headed hydra, p - bullfrog
Aim: a six-headed hydra (lightly wounded, chance to defeat MR: 21%)
The six-headed hydra resists with almost no effort.
Your bullfrog hits the six-headed hydra.
Unknown command.
Casting: Confuse
Confirm with . or Enter, or press ? or * to list all spells.
Aiming: Sticky Flame
Press: ? - help, Shift-Dir - straight line, f/p - six-headed hydra
Aim: a six-headed hydra (lightly wounded)
The sticky flame hits the six-headed hydra.
The six-headed hydra is lightly wounded.
The six-headed hydra is covered in liquid flames!
You are feeling very hungry.
The six-headed hydra burns!
The six-headed hydra bites you but does no damage.
The six-headed hydra bites you. x2; The six-headed hydra barely misses you.
The six-headed hydra bites you!
The six-headed hydra completely misses you.
Your bullfrog hits the six-headed hydra.
Unknown command.
Casting: Sticky Flame
Confirm with . or Enter, or press ? or * to list all spells.
Aiming: Flame Tongue
Press: ? - help, Shift-Dir - straight line, f/p - six-headed hydra
Aim: a six-headed hydra (moderately wounded, covered in liquid flames)
The flame tongue hits the six-headed hydra.
The six-headed hydra is moderately wounded.
The six-headed hydra burns!
Your bullfrog hits the six-headed hydra!
The six-headed hydra bites your bullfrog!
The six-headed hydra barely misses your bullfrog.
The six-headed hydra bites your bullfrog!
The six-headed hydra bites your bullfrog.
Your bullfrog dies!
The six-headed hydra barely misses you. The six-headed hydra bites you!
The phantom blinks!
Casting: Flame Tongue
Confirm with . or Enter, or press ? or * to list all spells.
Aiming: Flame Tongue
Press: ? - help, Shift-Dir - straight line, f/p - six-headed hydra
Aim: a six-headed hydra (heavily wounded, covered in liquid flames)
The flame tongue hits the six-headed hydra.
The six-headed hydra is heavily wounded.
The six-headed hydra burns!
The six-headed hydra barely misses you. The six-headed hydra bites you.
* * * LOW HITPOINT WARNING * * *
You block the six-headed hydra's attack.
The six-headed hydra closely misses you. x2
The six-headed hydra bites you!
* * * LOW HITPOINT WARNING * * *
Casting: Flame Tongue
Confirm with . or Enter, or press ? or * to list all spells.
Aiming: Flame Tongue
Press: ? - help, Shift-Dir - straight line, f/p - six-headed hydra
Aim: a six-headed hydra (severely wounded, covered in liquid flames)
The flame tongue hits the six-headed hydra.
The six-headed hydra is severely wounded.
The six-headed hydra burns!
The six-headed hydra bites you!
* * * LOW HITPOINT WARNING * * *
The six-headed hydra closely misses you.
The six-headed hydra bites you!
You die...

.............................##
........#########............#
##.....##...©...##.###..##.###
#.....#8.......8#.# #..##.#
#.....#.......$$#.####.##.#
#.....#.W.....?.#..###..#.#
#....©#..©....$_#©..###,*.#
#.....#....§..).#.$....,,,*
#.....#.......D@#....#*,,**
#.....#8...)...8#....#**,*
#.....##.......##....# *,**
#####..#########.....# *,,*
##...............# *,,**
######...)......# **,,*
#..........# *,,* #..........#
*,,* *,,,,,,,,,,*****,**


You could see a six-headed hydra (burning) and a phantom.

Vanquished Creatures
  A phantom (D:5)
  An ogre (D:4)
  A centaur (D:6)
  2 scorpions
  A crimson imp (D:6)
  A jelly (D:3)
  An orc priest (D:7)
  2 bullfrog skeletons (D:5)
  2 hounds
  A gnoll shaman (D:4)
  3 worker ants (D:6)
  2 iguanas
  A killer bee zombie (D:3)
  5 gnolls (D:4)
  4 adders
  2 shadow imps (D:6)
  An ooze (D:4)
  4 worms
  A dart slug (D:3)
  6 orcs
  3 ball pythons
  7 bats
  4 giant cockroaches
  5 goblins
  5 hobgoblins
  4 kobolds
  A quokka (D:4)
  A quokka skeleton (D:6)
  4 rats
76 creatures vanquished.

Vanquished Creatures (others)
  A bullfrog (D:6)
1 creature vanquished.

Grand Total: 77 creatures vanquished

Notes
Turn   | Place    | Note
-------+----------+-------------------------------------------
     0 | D:1      | tidbits the Gnoll Fire Elementalist began the quest for the Orb.
     0 | D:1      | Reached XP level 1. HP: 13/13 MP: 6/6
    53 | D:1      | Reached skill level 2 in Conjurations
    54 | D:1      | Reached XP level 2. HP: 14/19 MP: 0/7
   217 | D:2      | Learned a level 2 spell: Throw Flame
   233 | D:3      | Reached skill level 5 in Spellcasting
   233 | D:3      | Reached skill level 1 in Invocations
   233 | D:3      | Reached XP level 3. HP: 25/25 MP: 1/9
   238 | D:3      | Learned a level 3 spell: Conjure Flame
   261 | D:2      | Reached skill level 1 in Fighting
   261 | D:2      | Reached skill level 1 in Short Blades
   261 | D:2      | Reached skill level 1 in Long Blades
   261 | D:2      | Reached skill level 1 in Axes
   261 | D:2      | Reached skill level 1 in Maces & Flails
   261 | D:2      | Reached skill level 1 in Polearms
   261 | D:2      | Reached skill level 1 in Staves
   261 | D:2      | Reached skill level 1 in Slings
   261 | D:2      | Reached skill level 1 in Bows
   261 | D:2      | Reached skill level 1 in Crossbows
   261 | D:2      | Reached skill level 1 in Throwing
   261 | D:2      | Reached skill level 1 in Armour
   261 | D:2      | Reached skill level 1 in Shields
   261 | D:2      | Reached skill level 1 in Unarmed Combat
   261 | D:2      | Reached skill level 1 in Evocations
   434 | D:3      | Reached XP level 4. HP: 32/32 MP: 3/11
   533 | D:3      | Learned a level 4 spell: Sticky Flame
   565 | D:3      | Reached skill level 1 in Hexes
   565 | D:3      | Reached skill level 1 in Charms
   565 | D:3      | Reached skill level 1 in Summonings
   565 | D:3      | Reached skill level 1 in Necromancy
   565 | D:3      | Reached skill level 1 in Translocations
   565 | D:3      | Reached skill level 1 in Transmutations
   565 | D:3      | Reached skill level 1 in Ice Magic
   565 | D:3      | Reached skill level 1 in Air Magic
   565 | D:3      | Reached skill level 1 in Earth Magic
   565 | D:3      | Reached skill level 1 in Poison Magic
   695 | D:2      | Reached XP level 5. HP: 19/37 MP: 9/12
   956 | D:4      | Noticed an ogre
   967 | D:4      | Killed an ogre
  1005 | D:4      | Reached skill level 2 in Invocations
  1005 | D:4      | Reached XP level 6. HP: 44/44 MP: 9/13
  1034 | D:4      | Reached skill level 5 in Dodging
  1057 | D:5      | Entered Level 5 of the Dungeon
  1105 | D:5      | Found a white marble altar of Elyvilon.
  1115 | D:5      | Reached skill level 2 in Fighting
  1115 | D:5      | Reached skill level 2 in Short Blades
  1115 | D:5      | Reached skill level 2 in Long Blades
  1115 | D:5      | Reached skill level 2 in Axes
  1115 | D:5      | Reached skill level 2 in Maces & Flails
  1115 | D:5      | Reached skill level 2 in Polearms
  1115 | D:5      | Reached skill level 2 in Staves
  1115 | D:5      | Reached skill level 2 in Slings
  1115 | D:5      | Reached skill level 2 in Bows
  1115 | D:5      | Reached skill level 2 in Crossbows
  1115 | D:5      | Reached skill level 2 in Throwing
  1115 | D:5      | Reached skill level 2 in Armour
  1115 | D:5      | Reached skill level 2 in Shields
  1115 | D:5      | Reached skill level 2 in Unarmed Combat
  1115 | D:5      | Reached skill level 2 in Evocations
  1125 | D:5      | Noticed a phantom
  1140 | D:5      | Killed a phantom
  1140 | D:5      | Reached XP level 7. HP: 43/50 MP: 9/15
  1204 | D:5      | Learned a level 3 spell: Confuse
  1327 | D:6      | Found a shimmering altar of Xom.
  1364 | D:6      | Found a staircase to the Ecumenical Temple.
  1372 | Temple   | Entered the Ecumenical Temple
  1379 | Temple   | Reached skill level 2 in Hexes
  1379 | Temple   | Reached skill level 2 in Charms
  1379 | Temple   | Reached skill level 2 in Summonings
  1379 | Temple   | Reached skill level 2 in Necromancy
  1379 | Temple   | Reached skill level 2 in Translocations
  1379 | Temple   | Reached skill level 2 in Transmutations
  1379 | Temple   | Reached skill level 2 in Ice Magic
  1379 | Temple   | Reached skill level 2 in Air Magic
  1379 | Temple   | Reached skill level 2 in Earth Magic
  1379 | Temple   | Reached skill level 2 in Poison Magic
  1392 | Temple   | Became a worshipper of Cheibriados the Contemplative
  1441 | D:6      | Reached skill level 3 in Conjurations
  1489 | D:5      | Reached skill level 5 in Stealth
  1490 | D:5      | Found a shattered altar of Ashenzari.
  1549 | D:4      | Reached skill level 3 in Invocations
  1607 | D:4      | You fall through a shaft for 2 floors!
  1734 | D:6      | Reached XP level 8. HP: 57/57 MP: 16/16
  1760 | D:6      | Found a transporter.
  1762 | D:6      | Reached skill level 6 in Fire Magic
  1767 | D:6      | Found a transporter.
  1769 | D:6      | Noticed a six-headed hydra
  1769 | D:6      | Found a bloodstained altar of Trog.
  1780 | D:6      | HP: 5/57 [six-headed hydra (11)]
  1780 | D:6      | Mangled by a six-headed hydra

Skill      XL: |  1  2  3  4  5  6  7  8 |
---------------+-------------------------+-----
Conjurations   | 2 3 |  3.2
Spellcasting   | 5 |  5.8
Invocations    | 1 2 3 |  3.1
Fighting       | 1 2 |  2.8
Short Blades   | 1 2 |  2.8
Long Blades    | 1 2 |  2.8
Axes           | 1 2 |  2.8
Maces & Flails | 1 2 |  2.8
Polearms       | 1 2 |  2.8
Staves         | 1 2 |  2.8
Slings         | 1 2 |  2.8
Bows           | 1 2 |  2.8
Crossbows      | 1 2 |  2.8
Throwing       | 1 2 |  2.8
Armour         | 1 2 |  2.8
Shields        | 1 2 |  2.8
Unarmed Combat | 1 2 |  2.8
Evocations     | 1 2 |  2.8
Hexes          | 1 2 |  2.3
Charms         | 1 2 |  2.3
Summonings     | 1 2 |  2.3
Necromancy     | 1 2 |  2.3
Translocations | 1 2 |  2.3
Transmutations | 1 2 |  2.3
Ice Magic      | 1 2 |  2.3
Air Magic      | 1 2 |  2.3
Earth Magic    | 1 2 |  2.3
Poison Magic   | 1 2 |  2.3
Dodging        | 5 |  5.4
Stealth        | 5 |  5.1
Fire Magic     | 6 |  6.0

Action                   |  1- 3 |  4- 6 |  7- 9 || total
-------------------------+-------+-------+-------++-------
Melee: Club              |    15 |     2 |       ||    17
       Bite              |     1 |     3 |    15 ||    19
       Dagger            |       |    34 |   106 ||   140
       Rapier            |       |    16 |       ||    16
 Cast: Flame Tongue      |    27 |    39 |    16 ||    82
       Conjure Flame     |     1 |     2 |       ||     3
       Throw Flame       |       |     1 |       ||     1
       Sticky Flame      |       |       |     4 ||     4
       Confuse           |       |       |     1 ||     1
Invok: Bend Time         |       |       |     1 ||     1
Evoke: Wand              |       |       |     5 ||     5
  Use: Scroll            |       |     8 |     7 ||    15
       Potion            |       |       |     1 ||     1
 Stab: Sleeping          |     1 |     7 |     5 ||    13
       Distracted        |       |       |     1 ||     1
       Confused          |       |       |     1 ||     1
  Eat: Chunk             |       |     1 |     2 ||     3
Armor: Robe              |    11 |    11 |    17 ||    39
Dodge: Dodged            |    21 |    33 |    62 ||   116
Block: Other             |     2 |       |       ||     2
       Buckler           |       |    11 |    19 ||    30
       Reflection        |       |     1 |       ||     1

Table legend:
 A = Turns spent in this place as a percentage of turns spent in the entire game.
 B = Non-inter-level travel turns spent in this place as a percentage of non-inter-level travel turns spent in the entire game.
 C = Inter-level travel turns spent in this place as a percentage of turns spent in this place.
 D = Turns resting spent in this place as a percentage of non-inter-level travel turns spent in this place.
 E = Turns spent auto-exploring this place as a percentage of non-inter-level travel turns spent in this place.
 F = Non-inter-level travel turns spent in this place divided by the number of levels of this place that you've seen.
                   A       B       C       D       E      F
               +-------+-------+-------+-------+-------+----------------------
         Total | 100.0 | 100.0 |   0.6 |   0.0 |   0.0 | 221.1
       Dungeon |  98.1 |  98.8 |   0.0 |   0.0 |   0.0 | 249.6
        Temple |   1.9 |   1.2 |  33.3 |   0.0 |   0.0 |  22.0
               +-------+-------+-------+-------+-------+----------------------

Table legend:
 A = Kills in this place as a percentage of kills in entire the game.
 B = Kills by you in this place as a percentage of kills by you in the entire game.
 C = Kills by friends in this place as a percentage of kills by friends in the entire game.
 D = Other kills in this place as a percentage of other kills in the entire game.
 E = Experience gained in this place as a percentage of experience gained in the entire game.
 F = Experience gained in this place divided by the number of levels of this place that you have seen.
                   A       B       C       D       E      F
               +-------+-------+-------+-------+-------+----------------------
         Total | 100.0 | 100.0 |   N/A |   N/A | 100.0 | 162.2
       Dungeon |  98.7 |  98.7 |   N/A |   N/A |  96.7 | 179.3
        Temple |   1.3 |   1.3 |   N/A |   N/A |   3.3 |  43.0
               +-------+-------+-------+-------+-------+----------------------

Vault maps used:
D:1:      scummos_arrival_hexagon
D:2:      uniq_crazy_yiuf_cottage
D:3:      first_ration
D:4:      kennysheep_little_box
D:5:      lemuel_crystal_altar, lemuel_crystal_altar
D:6:      kennysheep_mini_moat, gammafunk_temple_overflow_arena,
          minmay_temple_entry_mist, basic_altar
D:7:      overflow_temple_1_default, nicolae_overflow_crystal_walls,
          vehumet_altar_wand_db, kennysheep_mini, basic_altar
Temple:   corrupted_temple
